 Dungeon Crawl Stone Soup version 0.21-a0-504-g2eda330 (webtiles) character file.

15986 4thArraOfDagon the Arsonist (level 12, -7/74 HPs)
             Began as a Barachi Fire Elementalist on Nov 26, 2017.
             Was an Elder of Sif Muna.
             Mangled by an orc warrior
             ... wielding a +0 halberd
              (17 damage)
             ... on level 2 of the Orcish Mines.
             The game lasted 00:38:39 (5489 turns).

4thArraOfDagon the Arsonist (BaFE)                  Turns: 5489, Time: 00:38:40

Health: -7/74      AC:  6    Str: 10    XL:     12   Next: 32%
Magic:  12/24      EV: 12    Int: 20    God:    Sif Muna [****..]
Gold:   669        SH:  0    Dex: 13    Spells: 11/28 levels left

rFire    + + +     SeeInvis .   H - staff of fire
rCold    + . .     Gourm    .   (no shield)
rNeg     . . .     Faith    .   N - +0 troll leather armour
rPois    .         Spirit   .   G - +0 helmet
rElec    .         Reflect  .   L - scarf {cloud immunity}
rCorr    .         Harm     .   K - +0 pair of gloves
MR       +....     Clarity  +   (no boots)
Stlth    +.........             (no amulet)
HPRegen  0.62/turn              h - ring of protection from fire
MPRegen  0.19/turn              J - ring of protection from magic

@: lethally poisoned (-7 -> -10), divine energy, slow
A: +LOS, swims, hooves 1, clarity, cold resistance 1, fire resistance 1,
slowness 1, strong legs 1
a: Hop, Stop Divine Energy, Channel Magic, Forget Spell, Renounce Religion


You were on level 2 of the Orcish Mines.
You worshipped Sif Muna.
Sif Muna was greatly pleased with you.
You were near starving.

You visited 2 branches of the dungeon, and saw 15 of its levels.

You collected 669 gold pieces.

Inventory:

Hand Weapons
 e - a +4 short sword
 k - a +0 trident
 p - a +1 whip of electrocution
 P - the +1 great sword "Baunket" {venom, +Inv rC++ SInv Stlth+}
   (You took it off a big kobold on level 10 of the Dungeon)

   It poisons the flesh of those it strikes.
   It greatly protects you from cold.
   It lets you see invisible.
   It lets you turn invisible.
   It makes you more stealthy.
Missiles
 f - 5 javelins (quivered)
 x - a throwing net
Armour
 G - a +0 helmet (worn)
 K - a +0 pair of gloves (worn)
 L - a scarf of cloud immunity (worn)
 N - a +0 troll leather armour (worn)
Magical Staves
 o - an uncursed staff of summoning {!a}
 H - an uncursed staff of fire (weapon)
Jewellery
 h - a ring of protection from fire (left hand)
 J - a ring of protection from magic (right hand)
Wands
 s - a wand of digging (8)
 z - a wand of clouds (6)
 D - a wand of acid (5)
Scrolls
 d - a scroll of magic mapping {unknown}
 i - 2 scrolls of blinking
 m - 2 scrolls of noise
 q - 3 scrolls of immolation
 u - 3 scrolls of enchant weapon {unknown}
 v - a scroll of fog {unknown}
 w - 2 scrolls of teleportation
 y - 2 scrolls of amnesia
 B - 2 scrolls of remove curse
 C - a scroll of random uselessness {unknown}
 E - a scroll of enchant armour {unknown}
Potions
 g - a potion of mutation
 l - 2 potions of haste
 n - a potion of degeneration
 r - 2 potions of cancellation
 t - a potion of flight
 F - a potion of curing
 I - a potion of lignification
 Q - a potion of agility
 S - a potion of might {unknown}
Books
 a - a book of Conjurations

   Spells                             Type                      Level
   a - Magic Dart                     Conjuration                  1
   b - Searing Ray                    Conjuration                  2
   c - Dazzling Spray                 Conjuration/Hexes            3
   d - Fulminant Prism                Conjuration/Hexes            4
   e - Force Lance                    Conjuration/Translocation    4
   f - Iskenderun's Mystic Blast      Conjuration                  4
 b - a book of Flames

   Spells                             Type                      Level
   a - Flame Tongue                   Conjuration/Fire             1
   b - Throw Flame                    Conjuration/Fire             2
   c - Conjure Flame                  Conjuration/Fire             3
   d - Inner Flame                    Hexes/Fire                   3
   e - Sticky Flame                   Conjuration/Fire             4
   f - Fireball                       Conjuration/Fire             5
 M - a book of Clouds

   Spells                             Type                      Level
   a - Poisonous Vapours              Poison/Air                   2
   b - Mephitic Cloud                 Conjuration/Poison/Air       3
   c - Conjure Flame                  Conjuration/Fire             3
   d - Freezing Cloud                 Conjuration/Ice/Air          6
   e - Ring of Flames                 Charms/Fire                  7
Miscellaneous
 O - a box of beasts
Comestibles
 c - 4 bread rations
 j - 3 royal jellies
 A - a meat ration
 R - 10 chunks of flesh


   Skills:
 - Level 2.1 Dodging
 - Level 1.7 Stealth
 + Level 8.5 Spellcasting
 * Level 12.3 Conjurations
 * Level 12.7 Fire Magic
 + Level 7.1 Invocations


You had 11 spell levels left.
You knew the following spells:

 Your Spells              Type           Power        Failure   Level  Hunger
a - Flame Tongue          Conj/Fire      #####        1%          1    None
b - Conjure Flame         Conj/Fire      ######..     1%          3    None
c - Sticky Flame          Conj/Fire      ######..     1%          4    ###....
d - Fireball              Conj/Fire      ######....   1%          5    #####..
e - Iskenderun's Mystic   Conj           ######..     1%          4    ###....


Dungeon Overview and Level Annotations

Branches:
Dungeon (13/15)            Temple (0/1) D:6            Lair (0/6) D:10
    Orc (2/2) D:11
    Elf: Orc:2       Vaults: D:13-14

Altars:
Cheibriados
Dithmenos
Hepliaklqana
Kikubaaqudgha
Ru
Sif Muna
Trog
Xom

Shops:
D:4 [

Annotations:
D:12 kae's ghost, journeyman TrMo


Innate Abilities, Weirdness & Mutations

Shadows flee at your approach. (+LOS)
You can swim through water.
You cover ground slowly.
You can hop short distances.
You have large cloven feet.
You possess an exceptional clarity of mind.
Your flesh is cold resistant. (rC+)
Your flesh is heat resistant. (rF+)


Message History

The orc hits you but does no damage.
Unknown command.
Unknown command.
Casting: Fireball
Confirm with . or Enter, or press ? or * to list all spells.
Aiming: Fireball
Press: ? - help, Shift-Dir - straight line
Okay, then.
Unknown command.
You feel sick.
The orc priest looks satisfied for a moment.
The orc priest invokes the aid of Beogh against you.
Beogh smites you!
The orc warrior hits you from afar with a halberd!
* * * LOW HITPOINT WARNING * * *
The orc wizard misses you.
The orc wizard gestures wildly while chanting.
The orc wizard blinks!
The orc warrior hits you from afar with a halberd!
You die...

........<......
..............
............. ..
#.....$o.o... ...
#...........$
....#.o..........
.......hoo.......
......o.oo.......
#....@.T)..$..
........Toh..#..#
......†...o..$...
.................
.....)...........
...o)))..........
....§))..O.......
.................
...............C.


You could see a cyclops, 2 trolls, 2 wargs, 3 orc warriors, an ogre, 3 orc
priests, an orc wizard and 4 orcs.

Vanquished Creatures
  An ettin (Orc:1)
  A two-headed ogre (D:9)
  An orc high priest (Orc:2)
  An unseen horror (D:12)
  Pikel (D:7)
  An ugly thing (D:11)
  Maurice (D:8)
  Psyche (D:8)
  3 trolls
  A hornet (D:12)
  Prince Ribbit (D:6)
  5 slime creatures (D:11)
  A meliai zombie (D:11)
  4 hippogriffs
  A shadow (D:11)
  A wyvern (D:8)
  11 yaks
  A hungry ghost (D:8)
  Edmund (D:6)
  7 wargs
  A hornet zombie (D:11)
  12 orc warriors
  An ice beast (D:7)
  3 phantoms
  A sky beast (D:9)
  A black bear (D:7)
  2 necrophages (D:9)
  8 ogres
  2 centaurs (D:10)
  A crocodile (D:12)
  3 big kobolds
  Blork the orc (D:8)
  5 bullfrogs
  3 scorpions
  A water moccasin skeleton (D:8)
  7 killer bees
  2 howler monkeys (D:8)
  A bullfrog zombie (D:10)
  2 crimson imps
  2 centaur zombies
  6 hounds
  3 quasits
  4 jellies
  7 orc priests
  A bullfrog skeleton (D:10)
  A gnoll shaman (D:8)
  4 iguanas
  20 orc wizards
  7 worker ants
  5 worker ant zombies
  7 gnolls
  9 adders
  5 shadow imps
  An ooze (D:2)
  2 adder zombies (D:5)
  3 adder skeletons
  A worm (D:3)
  3 dart slugs (D:1)
  A leopard gecko (D:6)
  48 orcs
  2 ball pythons
  5 bats
  A bat zombie (D:9)
  9 giant cockroaches
  4 goblins
  6 hobgoblins
  5 jackals (D:1)
  A quokka (D:3)
  3 frilled lizards
  A jackal zombie (D:7)
  14 kobolds
  8 rats
  4 rat zombies (D:9)
305 creatures vanquished.

Vanquished Creatures (others)
  A bullfrog (D:7)
  2 gnolls (D:5)
  A hound (D:5)
  A quokka skeleton (D:7)
5 creatures vanquished.

Grand Total: 310 creatures vanquished

Notes
Turn   | Place    | Note
-------+----------+-------------------------------------------
     0 | D:1      | 4thArraOfDagon the Barachi Fire Elementalist began the quest for the Orb.
     0 | D:1      | Reached XP level 1. HP: 13/13 MP: 3/3
    97 | D:1      | Reached XP level 2. HP: 19/19 MP: 0/5
   282 | D:5      | Entered Level 5 of the Dungeon
   285 | D:5      | Reached XP level 3. HP: 24/24 MP: 2/6
   293 | D:5      | Learned a level 3 spell: Conjure Flame
   450 | D:5      | Reached XP level 4. HP: 24/30 MP: 6/8
   482 | D:6      | Learned a level 4 spell: Sticky Flame
   488 | D:6      | Found a shadowy altar of Dithmenos.
   519 | D:6      | Noticed Blork the orc
   522 | D:6      | Reached XP level 5. HP: 21/35 MP: 0/9
   564 | D:6      | Thaneod: poor orc
   651 | D:7      | Found a deep blue altar of Sif Muna.
   660 | D:7      | Became a worshipper of Sif Muna the Loreminder
   711 | D:7      | Found a shimmering altar of Xom.
   745 | D:6      | Found a staircase to the Ecumenical Temple.
   746 | D:6      | ...
   763 | D:6      | Found a hazy altar of Hepliaklqana.
   764 | D:6      | Noticed Prince Ribbit
   783 | D:6      | Killed Prince Ribbit
   783 | D:6      | Reached skill level 5 in Fire Magic
   783 | D:6      | Reached skill level 1 in Invocations
   783 | D:6      | Reached XP level 6. HP: 23/41 MP: 1/11
  1094 | D:2      | Found a bloodstained altar of Trog.
  1302 | D:1      | Reached * piety under Sif Muna
  1753 | D:4      | Reached XP level 7. HP: 33/46 MP: 5/12
  1975 | D:5      | Reached skill level 5 in Conjurations
  2133 | D:5      | Learned a level 5 spell: Fireball
  2150 | D:4      | Found Dojepp's Armour Shoppe.
  2263 | D:6      | Noticed Edmund
  2274 | D:6      | Killed Edmund
  2274 | D:6      | Reached XP level 8. HP: 21/52 MP: 1/14
  2365 | D:7      | Found a shimmering altar of Xom.
  2436 | D:7      | Found a sacrificial altar of Ru.
  2437 | D:7      | Noticed Pikel
  2457 | D:7      | Killed Pikel
  2457 | D:7      | Reached ** piety under Sif Muna
  2484 | D:7      | Reached skill level 5 in Spellcasting
  2484 | D:7      | Reached XP level 9. HP: 12/57 MP: 1/16
  2595 | D:8      | jacquesderrida: Degon
  2896 | D:8      | Found a bloodstained altar of Trog.
  2971 | D:8      | Noticed Maurice
  3007 | D:8      | Rhok: o.
  3012 | D:8      | Rhok: o.o
  3049 | D:8      | Killed Maurice
  3049 | D:8      | Reached *** piety under Sif Muna
  3220 | D:8      | Noticed Psyche
  3229 | D:8      | Killed Blork the orc
  3229 | D:8      | Killed Psyche
  3229 | D:8      | Reached XP level 10. HP: 36/63 MP: 4/19
  3456 | D:9      | Found a snail-covered altar of Cheibriados.
  3482 | D:10     | Entered Level 10 of the Dungeon
  3496 | D:10     | Found a staircase to the Lair.
  3536 | D:9      | Found an ancient bone altar of Kikubaaqudgha.
  3591 | D:9      | Reached skill level 10 in Fire Magic
  3609 | D:9      | Reached **** piety under Sif Muna
  3639 | D:9      | Reached skill level 5 in Invocations
  3911 | D:9      | Noticed a two-headed ogre
  3918 | D:9      | Killed a two-headed ogre
  3918 | D:9      | Reached skill level 10 in Conjurations
  4071 | D:10     | Reached XP level 11. HP: 67/67 MP: 5/21
  4238 | D:10     | jacquesderrida: Yes
  4243 | D:10     | Got a scorched great sword {venom}
  4244 | D:10     | Identified the cursed +1 great sword "Baunket" {venom, +Inv rC++ SInv Stlth+} (You took it off a big kobold on level 10 of the Dungeon)
  4295 | D:10     | Reached ***** piety under Sif Muna
  4353 | D:11     | Identified Sif Muna's Almanac of Ashen Creation (Sif Muna gifted it to you on level 11 of the Dungeon)
  4353 | D:11     | Received a gift from Sif Muna
  4560 | D:11     | Found a staircase to the Orcish Mines.
  4625 | D:11     | Noticed a green ugly thing
  4630 | D:11     | Killed a green ugly thing
  4644 | D:11     | Gained mutation: You do not regenerate when monsters are visible. [mutagenic meat]
  4645 | D:11     | Gained mutation: You are frail. (-10% HP) [mutagenic meat]
  4647 | D:11     | Lost mutation: You do not regenerate when monsters are visible. [potion of mutation]
  4647 | D:11     | Lost mutation: You are frail. (-10% HP) [potion of mutation]
  4647 | D:11     | Gained mutation: You possess an exceptional clarity of mind. [potion of mutation]
  4647 | D:11     | Gained mutation: Your flesh is heat resistant. (rF+) [potion of mutation]
  4647 | D:11     | Gained mutation: Your flesh is cold resistant. (rC+) [potion of mutation]
  4647 | D:11     | Gained mutation: You have large cloven feet. [potion of mutation]
  4956 | D:12     | Noticed kae's ghost (journeyman TrMo)
  5020 | D:12     | Paralysed by a hornet for 2 turns
  5098 | D:12     | Learned a level 4 spell: Iskenderun's Mystic Blast
  5111 | D:12     | Noticed an unseen horror
  5113 | D:12     | Killed an unseen horror
  5113 | D:12     | Reached XP level 12. HP: 33/74 MP: 8/24
  5299 | Orc:1    | Entered Level 1 of the Orcish Mines
  5381 | Orc:1    | Noticed an ettin
  5389 | Orc:1    | Killed an ettin
  5481 | Orc:2    | Entered Level 2 of the Orcish Mines
  5481 | Orc:2    | Noticed an orc high priest
  5484 | Orc:2    | Killed an orc high priest
  5489 | Orc:2    | Mangled by an orc warrior

Vault maps used:
D:1:      dpeg_arrival_lava_temple_mockup, minmay_small_reverse_x
D:2:      evilmike_ruin_ashenzari, first_bread, minmay_misc_feat_cross,
          bloody_trog, uniq_jessica
D:3:      minmay_box_of_dots
D:4:      lemuel_coloured_pillars_altar, serial_shops, shop, shop
D:6:      yredelemnul_forgotten_temple_becter, kennysheep_mini_moat,
          nicolae_dithmenos_shadow_blocks, lemuel_round_altar,
          minmay_temple_entry_butterflies, uniq_prince_ribbit1, uniq_edmund,
          uniq_blork_the_orc
D:7:      tgw_sif, nicolae_overflow_crystal_walls, basic_altar, the_bakery,
          nicolae_ru_sacrificial_ziggurat, uniq_pikel
D:8:      kennysheep_mini, eino_jars, uniq_maurice, uniq_psyche
D:9:      minmay_ornate_pinched, lemuel_zombie_altar_kikubaaqudgha,
          gammafunk_temple_overflow_forgotten, cheibriados_altar_1
D:10:     erik_lair_orcish_takeover
D:11:     orc_david_3
D:12:     basic_altar, nicolae_qazlal_eye_of_the_storm, uniq_azrael
D:13:     erik_vaults_2, grunt_ministairs_9, lightli_church_of_beogh,
          uniq_rupert
Orc:2:    st_orc_congregation, special_room, serial_shops, shop

Skill      XL: |  1  2  3  4  5  6  7  8  9 10 11 12 |
---------------+-------------------------------------+-----
Conjurations   | 2 3 4 5 7 8 10 11 12 | 12.3
Fire Magic     | 4 5 6 7 9 10 12 | 12.7
Spellcasting   | 3 4 5 6 7 8 |  8.5
Invocations    | 1 2 3 4 5 6 7 |  7.1
Dodging        | |  2.1
Stealth        | |  1.7

Action                   |  1- 3 |  4- 6 |  7- 9 | 10-12 || total
-------------------------+-------+-------+-------+-------++-------
Melee: Unarmed           |     7 |       |       |       ||     7
       Trident           |     6 |    15 |       |       ||    21
       Whip              |       |   111 |    91 |    14 ||   216
       Staff             |       |       |       |   112 ||   112
       Kick              |       |       |       |    12 ||    12
       Great sword       |       |       |       |     6 ||     6
 Cast: Flame Tongue      |    27 |    43 |    55 |   152 ||   277
       Conjure Flame     |     1 |     3 |    12 |    45 ||    61
       Sticky Flame      |       |     4 |    23 |    61 ||    88
       Fireball          |       |       |    12 |    39 ||    51
       Iskenderun's Myst |       |       |       |     1 ||     1
Invok: Divine Energy     |       |     1 |       |       ||     1
       Channel Magic     |       |       |     1 |    15 ||    16
 Abil: Hop               |       |     1 |     2 |     4 ||     7
Evoke: Wand              |     8 |       |       |       ||     8
  Use: Scroll            |     4 |     3 |     5 |     4 ||    16
       Potion            |       |       |     2 |     3 ||     5
 Stab: Sleeping          |     1 |     2 |       |       ||     3
  Eat: Chunk             |       |     5 |     8 |    33 ||    46
       Fruit             |       |       |     5 |       ||     5
       Royal jelly       |       |       |     1 |       ||     1
Armor: Robe              |     9 |    32 |    24 |     6 ||    71
       Troll leather arm |       |       |       |    68 ||    68
       Skin              |       |       |       |     6 ||     6
Dodge: Dodged            |    19 |   118 |    93 |   146 ||   376

Table legend:
 A = Spawn XP
 B = Non-spawn XP
 C = Spawn XP percentage of total XP
 D = Spawn monster count
 E = Non-spawn monster count
 F = Spawn count percentage of total count
 G = Total turns spent on level
                    A         B        C        D         E        F      G
               +---------+---------+-------+---------+---------+-------+---------
         Total |       0 |   22838 |   0.0 |       0 |     306 |   0.0 |  5489
               +---------+---------+-------+---------+---------+-------+---------
           D:1 |       0 |      49 |   0.0 |       0 |      24 |   0.0 |   334
           D:2 |       0 |      21 |   0.0 |       0 |      10 |   0.0 |   272
           D:3 |       0 |      42 |   0.0 |       0 |      17 |   0.0 |   336
           D:4 |       0 |      70 |   0.0 |       0 |       6 |   0.0 |   348
           D:5 |       0 |     399 |   0.0 |       0 |      14 |   0.0 |   554
           D:6 |       0 |     638 |   0.0 |       0 |       8 |   0.0 |   397
           D:7 |       0 |    1135 |   0.0 |       0 |      14 |   0.0 |   341
           D:8 |       0 |    2635 |   0.0 |       0 |      38 |   0.0 |   735
           D:9 |       0 |    3178 |   0.0 |       0 |      33 |   0.0 |   636
          D:10 |       0 |    2885 |   0.0 |       0 |      56 |   0.0 |   499
          D:11 |       0 |    4690 |   0.0 |       0 |      40 |   0.0 |   581
          D:12 |       0 |    3151 |   0.0 |       0 |      20 |   0.0 |   264
         Orc:1 |       0 |    2177 |   0.0 |       0 |      15 |   0.0 |   182
         Orc:2 |       0 |    1768 |   0.0 |       0 |      11 |   0.0 |     8
               +---------+---------+-------+---------+---------+-------+---------
